 Dungeon Crawl Stone Soup version 0.25-a0-860-gf695395b5c (webtiles) character file.

Game seed: 6644748828771959779, levelgen mode: deterministic

165 kae the Sneak (level 5, -2/32 HPs)
             Began as an Octopode Fire Elementalist on Apr 27, 2020.
             Slain by an iguana (11 damage)
             ... on level 4 of the Dungeon.
             The game lasted 00:02:59 (3209 turns).

kae the Sneak (Octopode Fire Elementalist)          Turns: 3209, Time: 00:02:59

Health: -2/32      AC:  1    Str:  7    XL:     5   Next: 46%
Magic:  3/9        EV: 12    Int: 19    God:
Gold:   156        SH:  4    Dex: 12    Spells: 2/10 levels left

rFire    . . .     SeeInvis .   (no weapon)
rCold    . . .     Gourm    .   e - +1 buckler
rNeg     . . .     Faith    .   (helmet restricted)
rPois    .         Spirit   .   (no amulet)
rElec    .         Reflect  .   (no ring)
rCorr    .         Harm     .   (no ring)
MR       .....                  (no ring)
Stlth    ++++......             (no ring)
HPRegen  0.10/turn              (no ring)
MPRegen  0.11/turn              (no ring)
                                (no ring)
                                (no ring)

@: very slightly contaminated
A: almost no armour, stealthy swim, amphibious, 8 rings, constrict 8, camouflage
1, gelatinous body 1
a: no special abilities


You were on level 4 of the Dungeon.
You were not hungry.

You visited 1 branch of the dungeon, and saw 4 of its levels.

You collected 156 gold pieces.

Inventory:

Armour
 e - a +1 buckler (worn)
Wands
 p - a wand of enslavement (5)
Scrolls
 a - 6 scrolls of enchant weapon
 c - 4 scrolls of teleportation
 f - a scroll of blinking
 m - a scroll of enchant armour
Potions
 g - a potion of might
 l - a potion of haste {unknown}
 n - a potion of flight
Comestibles
 b - 6 rations


   Skills:
 + Level 0.9 Fighting
 - Level 2.0 Dodging
 - Level 5.0 Stealth
 + Level 0.7 Shields
 - Level 3.0 Spellcasting
 - Level 3.0 Conjurations
 - Level 3.0 Fire Magic


You had 2 spell levels left.
You knew the following spells:

 Your Spells              Type           Power        Failure   Level  Hunger
a - Foxfire               Conj/Fire      ##..         7%          1    None
b - Conjure Flame         Conj/Fire      ##......     21%         3    ###....
c - Sticky Flame          Conj/Fire      ##......     54%         4    ####...

Your spell library contained the following spells:

 Spells                   Type           Power        Failure   Level  Hunger
 Inner Flame              Hex/Fire       #.......     36%         3    ###....
 Fireball                 Conj/Fire      ##........   88%         5    ######.


Dungeon Overview and Level Annotations

Branches:
Dungeon (4/15)             Temple (0/1) D:4

Altars:
Cheibriados
Elyvilon
Nemelex Xobeh
Sif Muna


Innate Abilities, Weirdness & Mutations

You cannot wear most types of armour.
You are very stealthy in the water. (Stealth+)
You are amphibious.
You can wear up to eight rings at the same time.
You can use your tentacles to constrict eight enemies at once.
Your skin changes colour to match your surroundings (Stealth+).
Your rubbery body absorbs attacks. (AC +1, EV +1)


Message History

Confirm with . or Enter, or press ? or * to list all spells.
You conjure some foxfire!
The iguana closely misses you.
The foxfire hits the iguana.
The iguana is lightly wounded.
The foxfire hits the iguana.
The iguana is moderately wounded.
You block the iguana's attack.
Casting: Foxfire (safe; 7% risk of failure)
Confirm with . or Enter, or press ? or * to list all spells.
You conjure some foxfire!
The iguana bites you!
The foxfire hits the iguana but does no damage.
The iguana is moderately wounded.
The foxfire hits the iguana.
The iguana is moderately wounded.
The iguana bites you!
* * * LOW HITPOINT WARNING * * *
Casting: Foxfire (safe; 7% risk of failure)
Confirm with . or Enter, or press ? or * to list all spells.
You conjure some foxfire!
The iguana bites you!
You die...

,*,** #..,,,,,,. ,,*,**
#.#*******
,,,*,***################.########
≈≈,*,,,,.........................
,,≈*,,,**######.##############.#.
_,≈*,,,* #.# #.#. ,,≈*,,,* #.#
#.#. ≈≈,*,*** #v## #.#. ,,,*,*
#v@# #.#. ,,*,** ##l# #.#. ,*,,*
*#.#********* #.#. *,,,*
*...*,,,*,,,* *,*, ,*,********
*.⌠..,⌠,*,⌠,* *,*,
,,,,,,,,,,****#...#,,,*,,,* *,*,
,,,,,,,,,,,,,,#####*,***,** *,**
,,,,,,,,,,*****,,,*,,,*,,,* *,*
,,,,,,,,,,* *,⌠,,,⌠,,,>,* *,**


You could see an iguana.

Vanquished Creatures
  2 worker ants
  6 adders
  An ooze (D:1)
  A dart slug (D:2)
  9 orcs (D:3)
  2 giant cockroaches (D:1)
  4 goblins
  5 hobgoblins
  3 jackals (D:3)
  8 kobolds
  3 bats (D:1)
  3 frilled lizards
  7 rats
54 creatures vanquished.

Vanquished Creatures (others)
  139 foxfires
139 creatures vanquished.

Grand Total: 193 creatures vanquished

Notes
Turn   | Place    | Note
-------+----------+-------------------------------------------
     0 | D:1      | kae the Octopode Fire Elementalist began the quest for the
                  | Orb.
     0 | D:1      | Reached XP level 1. HP: 11/11 MP: 3/3
   108 | D:1      | Reached skill level 3 in Stealth
   263 | D:1      | Reached XP level 2. HP: 10/17 MP: 3/5
   896 | D:2      | Reached skill level 4 in Stealth
   896 | D:2      | Reached XP level 3. HP: 21/21 MP: 2/6
  1165 | D:2      | Found a shimmering blue altar of Sif Muna.
  1368 | D:2      | Reached XP level 4. HP: 24/27 MP: 5/7
  2074 | D:3      | Reached skill level 5 in Stealth
  2189 | D:3      | Learned a level 3 spell: Conjure Flame
  2194 | D:3      | Learned a level 4 spell: Sticky Flame
  2462 | D:3      | Found a snail-covered altar of Cheibriados.
  2467 | D:3      | Found a white marble altar of Elyvilon.
  2477 | D:3      | Reached XP level 5. HP: 31/31 MP: 5/9
  2508 | D:3      | Found a sparkling altar of Nemelex Xobeh.
  3209 | D:4      | Slain by an iguana

Levels and vault maps discovered:
D:1:      onia_arrival_mini_maze_b, layout_loops_ring, minmay_tetromino_i2
D:2:      layout_basic, overflow_temple_1_default, first_ration, serial_forest,
          infiniplex_forest_straight_1, infiniplex_forest_lined_room_3,
          infiniplex_forest_end_double, infiniplex_forest_zigzag_1,
          infiniplex_forest_zigzag_1, infiniplex_forest_lined_1
D:3:      layout_rooms, grunt_temple_overflow_open
D:4:      layout_basic, nicolae_ru_awakened_eye, minmay_temple_entry_nine_rooms,
          nicolae_ossuary_entry_false_entrances

Skill      XL: |  1  2  3  4  5 |
---------------+----------------+-----
Stealth        | 3 4 5 |  5.0
Conjurations   | 2 3 |  3.0
Spellcasting   | 3 |  3.0
Fighting       | |  0.9
Dodging        | |  2.0
Shields        | |  0.7
Fire Magic     | |  3.0

Action                   |  1- 3 |  4- 6 || total
-------------------------+-------+-------++-------
Melee: Unarmed           |    37 |    27 ||    64
       Constrict         |    11 |     7 ||    18
       Tentacles         |     5 |     4 ||     9
 Cast: Foxfire           |    28 |    50 ||    78
  Use: Scroll            |       |    11 ||    11
       Potion            |       |     1 ||     1
 Stab: Sleeping          |     5 |     1 ||     6
  Eat: Chunk             |     2 |     5 ||     7
Armor: Skin              |     3 |       ||     3
Dodge: Dodged            |    38 |    41 ||    79
Block: Buckler           |       |     2 ||     2

Table legend:
 A = Non-vault XP
 B = Vault XP
 C = Vault XP percentage of total XP
 D = Non-vault monster count
 E = Vault monster count
 F = Vault count percentage of total count
                 A         B        C        D         E       F
            +---------+---------+-------+---------+---------+-------
      Total |     228 |       8 |   3.4 |      52 |       2 |   3.7
            +---------+---------+-------+---------+---------+-------
        D:1 |      22 |       8 |  26.7 |      14 |       2 |  12.5
        D:2 |      67 |       0 |   0.0 |      13 |       0 |   0.0
        D:3 |     106 |       0 |   0.0 |      24 |       0 |   0.0
        D:4 |      33 |       0 |   0.0 |       1 |       0 |   0.0
            +---------+---------+-------+---------+---------+-------
